TOP OF THE 1ST |
Vista Panthers batting - Pitching for Baffin Island Beavers : RHP Jesse Little
|
Pitching: RHP Jesse Little
|
|
Batting: LHB Francisco Marino
|
0-0: Swinging Strike 0-1: Swinging Strike 0-2: Ball 1-2: Ground out U3 (Groundball, 3L)
|
Batting: LHB Dante Owens
|
0-0: Fly out, F8 (Flyball, 8LM)
|
Batting: RHB Stephen Wilson
|
0-0: Ground out 1-3 (Groundball, P)
|
Top of the 1st over - 0 run(s), 0 hit(s), 0 error(s), 0 left on base; Vista 0 - Baffin Island 0 |
BOTTOM OF THE 1ST |
Baffin Island Beavers batting - Pitching for Vista Panthers : RHP Randy Mailman
|
Pitching: RHP Randy Mailman
|
|
Batting: RHB Eduardo García
|
0-0: SINGLE (Groundball, 4M) (infield hit)
|
Batting: LHB Norberto Muńóz
|
0-0: Ball 1-0: Ball 2-0: Foul Ball, location: 2F 2-1: Swinging Strike 2-2: Foul Ball, location: 2F 2-2: Foul Ball, location: 2F 2-2: Strikes out swinging
|
Batting: RHB Tony Morton
|
0-0: Ball Eduardo García steals 2nd base 1-0: SINGLE (Line Drive, 56D) Eduardo García to third Runner from 3rd tries for Home, SAFE, throw made home Tony Morton to second
|
Batting: LHB Chris Bates
|
0-0: Called Strike Tony Morton is caught stealing 3rd base 0-1: Ball 1-1: Foul Ball, location: 2F 1-2: Ball 2-2: Foul Ball, location: 2F 2-2: Foul Ball, location: 2F 2-2: Foul Ball, location: 2F 2-2: Foul Ball, location: 2F 2-2: Ground out 4-3 (Groundball, 4)
|
Bottom of the 1st over - 1 run(s), 2 hit(s), 0 error(s), 0 left on base; Vista 0 - Baffin Island 1 |
TOP OF THE 2ND |
Vista Panthers batting - Pitching for Baffin Island Beavers : RHP Jesse Little
|
Batting: LHB Juan Cortés
|
0-0: Ball 1-0: Fly out, F4 (Popup, 4)
|
Batting: SHB Mark Wells
|
0-0: Swinging Strike 0-1: Foul Ball, location: 2F 0-2: Strikes out swinging
|
Batting: RHB Johnny Williams
|
0-0: Ball 1-0: Swinging Strike 1-1: Foul Ball, location: 2F 1-2: Ball 2-2: Foul Ball, location: 2F 2-2: Ball 3-2: Fly out, F8 (Flyball, 8LM)
|
Top of the 2nd over - 0 run(s), 0 hit(s), 0 error(s), 0 left on base; Vista 0 - Baffin Island 1 |
BOTTOM OF THE 2ND |
Baffin Island Beavers batting - Pitching for Vista Panthers : RHP Randy Mailman
|
Batting: RHB Dave Craig
|
0-0: Foul Ball, location: 2F 0-1: Ball 1-1: Ground out 5-3 (Groundball, 56S)
|
Batting: LHB Lorenzo Villa
|
0-0: Ball 1-0: Ball 2-0: Ball 3-0: Called Strike 3-1: Base on Balls
|
Batting: LHB Keng-chi Lao
|
0-0: Ball 1-0: Fielders Choice at 2nd, 4-6 (Groundball, 34)
|
Batting: LHB Mike MacFadden
|
0-0: Ball 1-0: Foul Ball, location: 2F 1-1: Ball 2-1: Ball 3-1: Fly out, F7 (Flyball, 7)
|
Bottom of the 2nd over - 0 run(s), 0 hit(s), 0 error(s), 1 left on base; Vista 0 - Baffin Island 1 |
TOP OF THE 3RD |
Vista Panthers batting - Pitching for Baffin Island Beavers : RHP Jesse Little
|
Batting: RHB Mario Beltrán
|
0-0: Called Strike 0-1: Foul Ball, location: 2F 0-2: Strikes out swinging
|
Batting: RHB Alfredo Rivera
|
0-0: Called Strike 0-1: Foul Ball, location: 2F 0-2: Ball 1-2: Strikes out swinging
|
Batting: LHB Ramiro Martínez
|
0-0: Ball 1-0: Ground out 5-3 (Groundball, 56)
|
Top of the 3rd over - 0 run(s), 0 hit(s), 0 error(s), 0 left on base; Vista 0 - Baffin Island 1 |
BOTTOM OF THE 3RD |
Baffin Island Beavers batting - Pitching for Vista Panthers : RHP Randy Mailman
|
Batting: RHB António Valdéz
|
0-0: Ball 1-0: Ball 2-0: Ball 3-0: Called Strike 3-1: Foul Ball, location: 2F 3-2: Base on Balls
|
Batting: RHB Eduardo García
|
0-0: Foul Ball, location: 2F 0-1: Ball 1-1: Ball 2-1: Foul Ball, location: 2F 2-2: Fly out, F7 (Line Drive, 7)
|
Batting: LHB Norberto Muńóz
|
0-0: Ball 1-0: Called Strike 1-1: Called Strike 1-2: Ball 2-2: Strikes out swinging
|
Batting: RHB Tony Morton
|
0-0: Swinging Strike 0-1: Ball 1-1: Ball 2-1: Foul Ball, location: 2F 2-2: Strikes out swinging
|
Bottom of the 3rd over - 0 run(s), 0 hit(s), 0 error(s), 1 left on base; Vista 0 - Baffin Island 1 |
TOP OF THE 4TH |
Vista Panthers batting - Pitching for Baffin Island Beavers : RHP Jesse Little
|
Batting: LHB Francisco Marino
|
0-0: Ball 1-0: Ground out 6-3 (Groundball, 6)
|
Batting: LHB Dante Owens
|
0-0: Foul Ball, location: 2F 0-1: Foul Ball, location: 2F 0-2: Ball 1-2: Foul Ball, location: 2F 1-2: Ball 2-2: Fly out, F9 (Flyball, 89XD)
|
Batting: RHB Stephen Wilson
|
0-0: Called Strike 0-1: Ball 1-1: Foul Ball, location: 2F 1-2: Ball 2-2: Foul Ball, location: 2F 2-2: Ball 3-2: Fly out, F8 (Flyball, 8RM)
|
Top of the 4th over - 0 run(s), 0 hit(s), 0 error(s), 0 left on base; Vista 0 - Baffin Island 1 |
BOTTOM OF THE 4TH |
Baffin Island Beavers batting - Pitching for Vista Panthers : RHP Randy Mailman
|
Batting: LHB Chris Bates
|
0-0: Called Strike 0-1: Ball 1-1: Ground out U3 (Groundball, 34)
|
Batting: RHB Dave Craig
|
0-0: Ball 1-0: Ground out 6-3 (Groundball, 6M)
|
Batting: LHB Lorenzo Villa
|
0-0: Ball 1-0: Foul Ball, location: 2F 1-1: Ball 2-1: Fly out, F9 (Flyball, 9S)
|
Bottom of the 4th over - 0 run(s), 0 hit(s), 0 error(s), 0 left on base; Vista 0 - Baffin Island 1 |
TOP OF THE 5TH |
Vista Panthers batting - Pitching for Baffin Island Beavers : RHP Jesse Little
|
Batting: LHB Juan Cortés
|
0-0: Called Strike 0-1: Ball 1-1: Ball 2-1: Foul Ball, location: 2F 2-2: Ground out 4-3 (Groundball, 4)
|
Batting: SHB Mark Wells
|
0-0: Ball 1-0: Called Strike 1-1: Swinging Strike 1-2: Strikes out swinging
|
Batting: RHB Johnny Williams
|
0-0: Ball 1-0: Foul Ball, location: 2F 1-1: Ball 2-1: Ground out 4-3 (Groundball, 4)
|
Top of the 5th over - 0 run(s), 0 hit(s), 0 error(s), 0 left on base; Vista 0 - Baffin Island 1 |
BOTTOM OF THE 5TH |
Baffin Island Beavers batting - Pitching for Vista Panthers : RHP Randy Mailman
|
Batting: LHB Keng-chi Lao
|
0-0: Ball 1-0: Foul Ball, location: 2F 1-1: Ball 2-1: Foul Ball, location: 2F 2-2: Ground out 4-3 (Groundball, 4)
|
Batting: LHB Mike MacFadden
|
0-0: Foul Ball, location: 2F 0-1: Ball 1-1: Ball 2-1: Ball 3-1: Called Strike 3-2: Ground out 4-3 (Groundball, 4S)
|
Batting: RHB António Valdéz
|
0-0: Called Strike 0-1: Ball 1-1: Ball 2-1: Fly out, F7 (Flyball, 7)
|
Bottom of the 5th over - 0 run(s), 0 hit(s), 0 error(s), 0 left on base; Vista 0 - Baffin Island 1 |
TOP OF THE 6TH |
Vista Panthers batting - Pitching for Baffin Island Beavers : RHP Jesse Little
|
Batting: RHB Mario Beltrán
|
0-0: Called Strike 0-1: Ball 1-1: Fly out, F8 (Flyball, 8RXD)
|
Batting: RHB Alfredo Rivera
|
0-0: Called Strike 0-1: Swinging Strike 0-2: Strikes out swinging
|
Batting: LHB Ramiro Martínez
|
0-0: Ball 1-0: Ball 2-0: Called Strike 2-1: Foul Ball, location: 2F 2-2: Foul Ball, location: 2F 2-2: Strikes out swinging
|
Top of the 6th over - 0 run(s), 0 hit(s), 0 error(s), 0 left on base; Vista 0 - Baffin Island 1 |
BOTTOM OF THE 6TH |
Baffin Island Beavers batting - Pitching for Vista Panthers : RHP Randy Mailman
|
Batting: RHB Eduardo García
|
0-0: Ball 1-0: Foul Ball, location: 2F 1-1: Called Strike 1-2: Strikes out swinging
|
Batting: LHB Norberto Muńóz
|
0-0: Ground out 4-3 (Groundball, 4)
|
Batting: RHB Tony Morton
|
0-0: Called Strike 0-1: Foul Ball, location: 2F 0-2: Foul Ball, location: 2F 0-2: Foul Ball, location: 2F 0-2: Ball 1-2: Fly out, F8 (Flyball, 89M)
|
Bottom of the 6th over - 0 run(s), 0 hit(s), 0 error(s), 0 left on base; Vista 0 - Baffin Island 1 |
TOP OF THE 7TH |
Vista Panthers batting - Pitching for Baffin Island Beavers : RHP Jesse Little
|
Batting: LHB Francisco Marino
|
0-0: Ball 1-0: Ball 2-0: SINGLE (Line Drive, 56)
|
Batting: LHB Dante Owens
|
0-0: Ball 1-0: Bunted foul 1-1: Ball 2-1: Ball 3-1: Bunt missed! 3-2: Foul Ball, location: 2F 3-2: DOUBLE (Line Drive, 78D) Francisco Marino to third
|
Batting: RHB Stephen Wilson
|
0-0: Called Strike 0-1: Swinging Strike 0-2: Strikes out looking
|
Batting: LHB Juan Cortés
|
0-0: Ball 1-0: Called Strike 1-1: Ball 2-1: Fly out, F8 (Flyball, 8RM) Runner from 3rd tags up, SCORES, no throw
|
Batting: SHB Mark Wells
|
0-0: Ground out 4-3 (Groundball, 34)
|
Top of the 7th over - 1 run(s), 2 hit(s), 0 error(s), 1 left on base; Vista 1 - Baffin Island 1 |
BOTTOM OF THE 7TH |
Baffin Island Beavers batting - Pitching for Vista Panthers : RHP Randy Mailman
|
Pitching: LHP Enrique Muńóz
|
|
Batting: LHB Chris Bates
|
0-0: Foul Ball, location: 2F 0-1: Ball 1-1: Ground out U3 (Groundball, 3)
|
Batting: RHB Dave Craig
|
0-0: Ball 1-0: Ball 2-0: Swinging Strike 2-1: Fly out, F8 (Flyball, 8RS)
|
Batting: LHB Lorenzo Villa
|
0-0: Called Strike 0-1: Foul Ball, location: 2F 0-2: Strikes out swinging, 2-3 out at first.
|
Bottom of the 7th over - 0 run(s), 0 hit(s), 0 error(s), 0 left on base; Vista 1 - Baffin Island 1 |
TOP OF THE 8TH |
Vista Panthers batting - Pitching for Baffin Island Beavers : RHP Jesse Little
|
Pitching: RHP Luis Féliz
|
|
Batting: RHB Johnny Williams
|
0-0: Ball 1-0: Ball 2-0: Called Strike 2-1: Called Strike 2-2: Ball 3-2: Base on Balls
|
Batting: RHB Mario Beltrán
|
0-0: Called Strike Johnny Williams steals 2nd base 0-1: Ball 1-1: Ball 2-1: Ball 3-1: Ground out 3-1 (Groundball, 34S) Johnny Williams to third
|
Batting: RHB Alfredo Rivera
|
0-0: Intentional Walk
|
Pitching: LHP Jaime Guzmán
|
|
Pinch Hitting: RHB Phil Matthews
|
0-0: Ball 1-0: Fly out, F8 (Flyball, 8RM) Runner from 3rd tags up, SCORES, no throw
|
Pinch Hitting: RHB António López
|
0-0: Ground out 6-3 (Groundball, 6D)
|
Top of the 8th over - 1 run(s), 0 hit(s), 0 error(s), 1 left on base; Vista 2 - Baffin Island 1 |
BOTTOM OF THE 8TH |
Baffin Island Beavers batting - Pitching for Vista Panthers : LHP Enrique Muńóz
|
Pitching: LHP António Martínez
|
|
Now at SS: António López
|
|
Now in LF: Phil Matthews
|
|
Batting: LHB Keng-chi Lao
|
0-0: Foul Ball, location: 2F 0-1: SINGLE (Flyball, 7S)
|
Batting: LHB Mike MacFadden
|
0-0: Ball 1-0: Bunted foul 1-1: Bunted foul 1-2: Foul Ball, location: 2F 1-2: DOUBLE (Flyball, 8LXD) Keng-chi Lao to third
|
Pitching: RHP Yajirobei Endo
|
|
Pinch Hitting: RHB José Aguilera
|
0-0: SINGLE (Line Drive, 6D) Keng-chi Lao scores Mike MacFadden to third Runner from 3rd tries for Home, SAFE, throw made home José Aguilera to second
|
Batting: RHB Eduardo García
|
0-0: Ball 1-0: Ball 2-0: Ground out 4-3 (Groundball, 34) José Aguilera to third
|
Batting: LHB Norberto Muńóz
|
0-0: Ball 1-0: Ball 2-0: Ball 3-0: Called Strike 3-1: Called Strike 3-2: Foul Ball, location: 2F 3-2: Foul Ball, location: 2F 3-2: Strikes out looking
|
Batting: RHB Tony Morton
|
0-0: SINGLE (Groundball, 6MD) José Aguilera scores
|
Pitching: RHP Alonso Gallardo
|
|
Batting: LHB Chris Bates
|
0-0: Ball Tony Morton is caught stealing 2nd base
|
Bottom of the 8th over - 3 run(s), 4 hit(s), 0 error(s), 0 left on base; Vista 2 - Baffin Island 4 |
TOP OF THE 9TH |
Vista Panthers batting - Pitching for Baffin Island Beavers : LHP Jaime Guzmán
|
Pitching: LHP Brent Miller
|
|
Now at 2B: Ángelo García
|
|
Batting: LHB Dante Owens
|
0-0: Ball 1-0: Foul Ball, location: 2F 1-1: Ball 2-1: Ball 3-1: Called Strike 3-2: SINGLE (Groundball, 4MD)
|
Batting: RHB Stephen Wilson
|
0-0: Swinging Strike 0-1: Foul Ball, location: 2F 0-2: Foul Ball, location: 2F 0-2: Ball 1-2: Strikes out swinging
|
Batting: LHB Juan Cortés
|
0-0: Fly out, F8 (Flyball, 8RM)
|
Batting: SHB Mark Wells
|
0-0: SINGLE (Groundball, 34D) Dante Owens to second Runner from 2nd tries for 3rd, SAFE, no throw
|
Batting: RHB Johnny Williams
|
0-0: Ball 1-0: Ground out 1-3 (Groundball, P)
|
Top of the 9th over - 0 run(s), 2 hit(s), 0 error(s), 2 left on base; Vista 2 - Baffin Island 4 |
|